 Dungeon Crawl Stone Soup version 0.28-a0-1447-ga5a8893891 (webtiles) character file.

Game seed: 5502193987860486803

119 oldriver the Skirmisher (level 5, -1/41 (42) HPs)
             Began as a Formicid Chaos Knight on Jan 11, 2022.
             Was a Plaything of Xom.
             Slain by a river rat (5 damage)
             ... led by Robin
             ... on level 3 of the Dungeon.
             The game lasted 00:01:58 (2381 turns).

oldriver the Skirmisher (Formicid Chaos Knight)     Turns: 2381, Time: 00:01:59

HP:   -1/41 (42)    AC:  6    Str: 18    XL:     5   Next: 23%
MP:   5/5           EV: 11    Int: 12    God:    Xom [.*....]
Gold: 122           SH:  0    Dex: 10    Spells: 4/4 levels left

rFire   . . .      SeeInvis +   a - +0 hand axe (chaos)
rCold   . . .      Faith    .   (no shield)
rNeg    . . .      Spirit   .   b - +2 leather armour
rPois   .          Reflect  .   (helmet unavailable)
rElec   .          Harm     .   (no cloak)
rCorr   .          Rampage  .   (no gloves)
Will    .....                   f - +0 pair of boots
Stlth   +.........              (no amulet)
HPRegen 0.13/turn               (no ring)
MPRegen 0.09/turn               (no ring)

@: lightly drained
A: permanent stasis, dig shafts and tunnels, antennae 3, four strong arms
a: Dig, Shaft Self, Renounce Religion


You were on level 3 of the Dungeon.
You worshipped Xom.
You were a plaything of Xom.
You visited 1 branch of the dungeon, and saw 3 of its levels.

You collected 122 gold pieces.

Inventory:

Hand Weapons
 a - a +0 hand axe of chaos (weapon)
Missiles
 i - 5 boomerangs
Armour
 b - a +2 leather armour (worn)
 f - a +0 pair of boots (worn)
Scrolls
 c - a scroll of silence {unknown}
 d - a scroll of identify {unknown}
 g - a scroll of teleportation {unknown}
 h - a scroll of amnesia {unknown}
Potions
 e - 3 potions of heal wounds {unknown}
 j - a potion of berserk rage {unknown}
 k - a potion of invisibility


   Skills:
 + Level 4.1 Fighting
 + Level 3.7 Axes
 + Level 3.3 Armour
 + Level 2.1 Dodging


You had 4 spell levels left.
You didn't know any spells.
Your spell library contained the following spells:

 Spells                   Type           Power      Damage    Failure   Level
 Apportation              Tloc           0%         N/A       36%         1
 Magic Dart               Conj           0%         1d3       36%         1
 Searing Ray              Conj           0%         2d4       52%         2
 Fulminant Prism          Conj/Hex       0%         3d6       98%         4
 Alistair's Intoxication  Tmut/Pois      0%         N/A       100%        5


Dungeon Overview and Level Annotations

Branches:
Dungeon (3/15)

Altars:
Nemelex Xobeh

Shops:
D:1 :


Innate Abilities, Weirdness & Mutations

You cannot be hasted, slowed, berserked, paralysed or teleported.
You can dig through walls and to a lower floor.
You have a pair of large antennae on your head. (SInv)
Your four strong arms can wield two-handed weapons with a shield.


Message History

A river rat is nearby!
A river rat is nearby!
You hit the river rat.
The river rat is lightly wounded.
The river rat barely misses you.
You barely miss the river rat.
The river rat is lightly wounded.
The river rat barely misses you.
You barely miss the river rat.
The river rat is lightly wounded.
The river rat bites you.
You closely miss the river rat.
The river rat is lightly wounded. "Hum-dee-hum-dee-hum..."
The river rat flickers and vanishes for a moment.
You are now a plaything of Xom.
The river rat bites you.
You barely miss the river rat.
The river rat is lightly wounded.
The river rat bites you but does no damage.
You closely miss the river rat.
The river rat is lightly wounded.
The river rat bites you.
* * * LOW HITPOINT WARNING * * *
You closely miss the river rat.
The river rat is lightly wounded.
The river rat bites you!
* * * LOW HITPOINT WARNING * * *
The river rat bites you but does no damage.
You hit the river rat but do no damage.
The river rat is poisoned.
The river rat is lightly wounded.
The river rat barely misses you.
You hit the river rat. You burn the river rat.
The river rat is heavily wounded.
The river rat bites you.
* * * LOW HITPOINT WARNING * * *
There is an open door here.
There is a stone staircase leading up here.
The river rat bites you.
You die...

### { ..# #.#
#.#### #.##.#
#....####
#.......# #
#.....[.# #..
#.@.....#
.....####r......#
#.))'.......#
.......)#.......#
###.#.#.#.......#
# #.#.#.......# #
#.##+#+#### #..
#..


You could see a river rat (invisible, poisoned).

Vanquished Creatures
  Jessica (D:3)
  Robin (D:3)
  2 adders (D:2)
  2 worms
  A dart slug (D:2)
  2 bats
  5 endoplasms
  2 giant cockroaches
  10 goblins
  7 hobgoblins
  5 jackals
  2 kobolds (D:2)
  2 quokkas
  4 ball pythons
  3 frilled lizards
  2 rats (D:1)
51 creatures vanquished.

Notes
Turn   | Place    | Note
-------+----------+-------------------------------------------
     0 | D:1      | oldriver the Formicid Chaos Knight began the quest for the
                  | Orb.
     0 | D:1      | Reached XP level 1. HP: 18/18 MP: 1/1
   145 | D:1      | Reached skill level 1 in Dodging
   295 | D:1      | Reached XP level 2. HP: 22/24 MP: 2/2
   306 | D:1      | XOM: silly message
   366 | D:1      | XOM: silly message
   448 | D:1      | Found Essoiq Uzia's Book Boutique.
   568 | D:1      | XOM: cloud trail
   574 | D:1      | XOM: silly message
   720 | D:1      | Reached XP level 3. HP: 21/29 MP: 3/3
   722 | D:1      | XOM: divination: detect creatures
   866 | D:1      | XOM: divination: detect creatures
  1071 | D:1      | XOM: silly message
  1086 | D:2      | Found a sparkling altar of Nemelex Xobeh.
  1231 | D:2      | XOM: potion effect (invisibility)
  1314 | D:2      | XOM: silly message
  1356 | D:2      | XOM: silly message
  1510 | D:2      | Found a faded altar of an unknown god.
  1536 | D:2      | XOM: silly message
  1594 | D:2      | Reached XP level 4. HP: 37/37 MP: 4/4
  1899 | D:3      | Noticed Jessica
  1904 | D:3      | Killed Jessica
  1905 | D:3      | Reached skill level 4 in Fighting
  1915 | D:2      | XOM: potion effect (invisibility)
  2136 | D:3      | XOM: summons 3 hostile demons
  2341 | D:3      | Noticed Robin
  2348 | D:3      | Reached XP level 5. HP: 36/42 MP: 5/5
  2362 | D:3      | Killed Robin
  2366 | D:3      | XOM: polymorph hobgoblin -> river rat
  2372 | D:3      | XOM: enchant monster (bad)
  2381 | D:3      | Slain by a river rat

Illustrated notes

Levels and vault maps discovered:
D:1:      erik_arrival_triangle_medium, layout_basic, serial_shops,
          shop_fountains
D:2:      layout_rooms, hellmonk_ecumenical_altar_slurped_away, basic_altar
D:3:      layout_basic, serial_shops, shop, chequers_serial_rivers_large_b,
          uniq_sigmund, uniq_robin, uniq_jessica

Skill      XL: |  1  2  3  4 |
---------------+-------------+-----
Dodging        | 1 2 |  2.1
Armour         | 3 |  3.3
Fighting       | 4 |  4.1
Axes           | |  3.7

Action                   |  1- 3 |  4- 6 || total
-------------------------+-------+-------++-------
Melee: Hand axe          |   107 |    62 ||   169
       Punch             |     2 |     1 ||     3
Armor: Leather armour    |    34 |    33 ||    67
Dodge: Dodged            |    70 |    56 ||   126

Table legend: (Time is in decaauts)
 A = Elapsed time spent in this place.
 B = Non-inter-level travel time spent in this place.
 C = Inter-level travel time spent in this place.
 D = Time resting spent in this place.
 E = Time spent auto-exploring this place.
 F = Levels seen in this place.
 G = Mean time per level.
                   A        B        C        D        E       F      G
               +--------+--------+--------+--------+--------+-----+--------+
         Total |   2405 |   2373 |     32 |    284 |   1688 |   3 |  801.7 |
       Dungeon |   2405 |   2373 |     32 |    284 |   1688 |   3 |  801.7 |
               +--------+--------+--------+--------+--------+-----+--------+

Top non-repeatable levels by time:
     D:2: 1120 daAuts
     D:1: 1089 daAuts
     D:3: 194 daAuts
